 Dungeon Crawl Stone Soup version 0.29-a0-320-g9f8742066b (webtiles) character file.

Game seed: 7563299874135676595

5429 quinnr the Zephyrmancer (level 10, -1/59 HPs)
             Began as a Tengu Air Elementalist on Apr 2, 2022.
             Was a Follower of Vehumet.
             Slain by an unseen horror (3 damage)
             ... on level 8 of the Dungeon.
             The game lasted 00:27:37 (12923 turns).

quinnr the Zephyrmancer (Tengu Air Elementalist)   Turns: 12923, Time: 00:27:38

Health: -1/59      AC:  6    Str: 10    XL:     10   Next: 67%
Magic:  10/19      EV: 16    Int: 19    God:    Vehumet [*.....]
Gold:   506        SH:  0    Dex: 11    Spells: 10/20 levels left

rFire   + + .      SeeInvis .   O - +1 dagger (venom)
rCold   . . .      Faith    .   (no shield)
rNeg    . . .      Spirit   .   K - +1 robe of Teatoodupp {Rampage rF++ Dex-3 Stlth+}
rPois   .          Reflect  .   (helmet restricted)
rElec   .          Harm     .   q - +0 cloak
rCorr   .          Rampage  +   n - +1 pair of gloves
Will    +....                   (boots unavailable)
Stlth   ++++......              (no amulet)
HPRegen 0.19/turn               y - ring of wizardry
MPRegen 0.16/turn               D - ring of willpower

@: flying quickly and evasively, quick
A: beak, talons 3, nimble flight
a: Renounce Religion


You were on level 8 of the Dungeon.
You worshipped Vehumet.
Vehumet was aware of your devotion.
You visited 2 branches of the dungeon, and saw 9 of its levels.

You collected 506 gold pieces.

Inventory:

Hand Weapons
 p - a +3 quarterstaff of chaos
 G - the +2 war axe of the Gibberer {flame, *Rage rElec Str+9 Stlth+}
   (You found it on level 5 of the Dungeon)

   It burns those it strikes, dealing additional fire damage.
   Big, fiery blades are also staple armaments of hydra-hunters.
   Str:       It affects your strength (+9).
   rElec:     It insulates you from electricity.
   *Rage:     It berserks you when you make melee attacks (+20% chance).
   Stlth:     It makes you more stealthy.
 O - a +1 dagger of venom (weapon)
Missiles
 e - 22 poisoned darts
 i - 4 curare-tipped darts
 E - 6 atropa-tipped darts
Armour
 a - a +0 robe
 n - a +1 pair of gloves (worn)
 q - a +0 cloak (worn)
 J - a +0 kite shield of cold resistance
 K - the +1 robe of Teatoodupp (worn) {Rampage rF++ Dex-3 Stlth+}
   (You found it on level 7 of the Dungeon)

   Dex:       It affects your dexterity (-3).
   rF:        It greatly protects you from fire.
   Rampage:   It bestows one free step when moving towards enemies.
   Stlth:     It makes you more stealthy.
Jewellery
 y - a ring of wizardry (left hand)
 D - a ring of willpower (right hand)
 I - a +6 ring of dexterity
Wands
 w - a wand of digging (5)
 A - a wand of iceblast (8)
 L - a wand of flame (25)
 M - a wand of polymorph (9)
Scrolls
 d - a scroll of immolation {unknown}
 h - 3 scrolls of blinking
 l - 5 scrolls of teleportation {unknown}
 m - a scroll of enchant armour {unknown}
 o - 2 scrolls of vulnerability {unknown}
 r - 3 scrolls of silence {unknown}
 s - a scroll of fog {unknown}
 u - a scroll of enchant weapon {unknown}
 v - a scroll of amnesia
 B - a scroll of noise {unknown}
 C - a scroll of fear {unknown}
 F - a scroll of holy word {unknown}
 P - a scroll of identify
Potions
 b - 2 potions of magic
 c - a potion of invisibility {unknown}
 f - 2 potions of berserk rage
 g - 3 potions of brilliance {unknown}
 j - 4 potions of attraction {unknown}
 k - 5 potions of curing {unknown}
 t - 2 potions of heal wounds
 x - a potion of resistance
 z - 3 potions of degeneration
 H - a potion of cancellation {unknown}
 N - 2 potions of lignification {unknown}


   Skills:
 - Level 5.0 Fighting
 - Level 2.0 Throwing
 - Level 6.0 Dodging
 + Level 5.9 Stealth
 + Level 5.6 Spellcasting
 - Level 2.0 Conjurations
 + Level 13.4 Air Magic
 - Level 2.0 Poison Magic
 - Level 4.0 Evocations


You had 10 spell levels left.
You knew the following spells:

 Your Spells              Type           Power      Damage    Failure   Level
a - Shock                 Conj/Air       100%       1d9       1%          1
b - Static Discharge      Conj/Air       34%        N/A       1%          2
c - Mephitic Cloud        Conj/Pois/Air  27%        N/A       1%          3
d - Airstrike             Air            27%        N/A       1%          4

Your spell library contained the following spells:

 Spells                   Type           Power      Damage    Failure   Level
 Freeze                   Ice            20%        1d4       4%          1
 Swiftness                Air            54%        N/A       1%          3
 Magic Dart               Conj           48%        1d5       2%          1
 Animate Skeleton         Necr           10%        N/A       4%          1
 Pain                     Necr           20%        1d5       4%          1
 Call Imp                 Summ           5%         N/A       8%          2
 Gell's Gravitas          Tloc           5%         N/A       14%         3
 Lesser Beckoning         Tloc           5%         N/A       14%         3
 Summon Guardian Golem    Hex/Summ       5%         N/A       14%         3
 Teleport Other           Tloc           5%         N/A       14%         3
 Vampiric Draining        Necr           5%         2d6       14%         3
 Orb of Destruction       Conj           6%         9d6       100%        7
 Spellforged Servitor     Conj/Summ      4%         N/A       100%        7


Dungeon Overview and Level Annotations

Branches:
Dungeon (8/15)             Temple (1/1) D:6
   Lair: D:8-11

Altars:
Ashenzari
Cheibriados
Dithmenos
Elyvilon
Fedhas
Gozag
Hepliaklqana
Kikubaaqudgha
Makhleb
Nemelex Xobeh
Okawaru
Qazlal
Ru
Sif Muna
Trog
Uskayaw
Vehumet
Wu Jian
Xom
Yredelemnul
Zin
The Shining One

Shops:
D:7 *

Annotations:
D:6 sammy202020's ghost, novice TrFi


Innate Abilities, Weirdness & Mutations

You have a beak for a mouth.
You have claws for feet.
Your magical nature lets you fly swiftly and evasively.


Message History

Something is struck by an arc of lightning.
The lightning grounds out.
The centaur is struck by an arc of lightning!
The centaur is heavily wounded.
You are struck by an arc of lightning.
The centaur is struck by an arc of lightning!
The centaur is severely wounded.
The lightning grounds out.
Something hits you but does no damage.
The centaur hits you but does no damage.
The centaur kicks you. The centaur closely misses you.
The centaur completely misses you.
Unknown command.
Casting: Static Discharge (safe; 1% risk of failure)
Confirm with . or Enter, or press ? or * to list all spells.
Something is struck by an arc of lightning.
You are struck by an arc of lightning.
* * * LOW HITPOINT WARNING * * *
The centaur is struck by an arc of lightning.
The centaur is almost dead.
You are struck by an arc of lightning.
* * * LOW HITPOINT WARNING * * *
The lightning grounds out.
The centaur is struck by an arc of lightning!
You kill the centaur!
Vehumet accepts your kill.
You feel your power returning.
The lightning grounds out.
Something hits you.
* * * LOW HITPOINT WARNING * * *
Something hits you but does no damage.
Unknown command.
Unknown command.
Items here: $ ( ) †.
Something hits you.
* * * LOW HITPOINT WARNING * * *
Casting: Static Discharge (safe; 1% risk of failure)
Confirm with . or Enter, or press ? or * to list all spells.
Something is struck by an arc of lightning!
The lightning grounds out.
Something hits you!
* * * LOW HITPOINT WARNING * * *
Something hits you.
You die...

....†..............#.
...###.###..........# ..
#..#..⌠..#..#.......##..
...#....[#..............
#...⌠.⌠.⌠..#............
#..#.....#.##...........
...#..⌠..#..............
.#####.#####.###........
#..#.....#.....#@.......
...#..8..#.....#).......
#.#..888................
...#..8..#.....#........
#..#.....#.....#........
.### #.# ###K###........
... ... #..............
.#.# #....##.......#
..... ...............#


You could see a kobold.

Vanquished Creatures
  Pikel (D:4)
  A shadow (D:6)
  4 yaks (D:8)
  2 vampire mosquitoes (D:7)
  Edmund (D:4)
  Menkaure (D:7)
  2 orc warriors
  A water moccasin (D:5)
  3 ice beasts
  2 sky beasts (D:5)
  2 ogres
  2 centaurs (D:8)
  2 lemures (D:4)
  3 kobold brigands
  3 bullfrogs
  3 necrophages
  13 scorpions
  4 wights (D:6)
  3 howler monkeys (D:7)
  5 quasits (D:6)
  A jelly (D:8)
  Crazy Yiuf (D:2)
  An orc priest (D:4)
  5 hounds
  8 orc wizards
  3 iguanas
  Robin (D:2)
  7 adders
  13 gnolls
  3 shadow imps
  A white imp (D:8)
  3 ufetubi
  2 dart slugs
  25 orcs
  A bat zombie (D:3)
  6 endoplasms
  9 giant cockroaches
  13 hobgoblins
  3 jackals
  19 kobolds
  5 quokkas
  6 ball pythons
  7 bats
  A frilled lizard (D:1)
  13 goblins
  4 rats
219 creatures vanquished.

Vanquished Creatures (others)
  A plant (D:5)
1 creature vanquished.

Grand Total: 220 creatures vanquished

Notes
Turn   | Place    | Note
-------+----------+-------------------------------------------
     0 | D:1      | quinnr the Tengu Air Elementalist began the quest for the
                  | Orb.
     0 | D:1      | Reached XP level 1. HP: 10/10 MP: 4/4
   210 | D:1      | Reached XP level 2. HP: 15/15 MP: 1/6
   558 | D:1      | Reached skill level 5 in Air Magic
   940 | D:1      | Reached XP level 3. HP: 10/19 MP: 1/7
  1676 | D:2      | Reached skill level 6 in Air Magic
  1850 | D:2      | Found a faded altar of an unknown god.
  2032 | D:2      | Learned a level 2 spell: Static Discharge
  2077 | D:2      | Reached XP level 4. HP: 24/24 MP: 5/8
  2165 | D:2      | Noticed Robin
  2177 | D:2      | Killed Robin
  2650 | D:2      | Reached skill level 7 in Air Magic
  2837 | D:2      | Gained mutation: Your magical nature lets you fly swiftly
                  | and evasively. [Tengu growth]
  2837 | D:2      | Reached XP level 5. HP: 28/28 MP: 5/9
  2981 | D:2      | Found a runed translucent door.
  2982 | D:2      | Noticed Crazy Yiuf
  3131 | D:2      | Killed Crazy Yiuf
  3558 | D:3      | Found an ancient bone altar of Kikubaaqudgha.
  3615 | D:3      | Reached skill level 8 in Air Magic
  3891 | D:2      | Reached XP level 6. HP: 6/32 MP: 2/10
  4424 | D:3      | Learned a level 3 spell: Mephitic Cloud
  4473 | D:3      | Found a white marble altar of Elyvilon.
  4987 | D:3      | Reached skill level 9 in Air Magic
  5060 | D:4      | Noticed Edmund
  5075 | D:4      | Killed Edmund
  5076 | D:4      | Reached skill level 1 in Poison Magic
  5076 | D:4      | Reached XP level 7. HP: 27/36 MP: 7/12
  5506 | D:4      | Found a hide-covered altar of Uskayaw.
  5518 | D:4      | Reached skill level 1 in Fighting
  5538 | D:4      | Found a shimmering blue altar of Sif Muna.
  5651 | D:4      | Noticed Pikel
  5927 | D:4      | Learned a level 4 spell: Airstrike
  6194 | D:4      | Found an iron altar of Okawaru.
  6243 | D:4      | Killed Pikel
  6244 | D:4      | Reached skill level 10 in Air Magic
  6244 | D:4      | Reached XP level 8. HP: 46/46 MP: 2/13
  6362 | D:5      | Entered Level 5 of the Dungeon
  6380 | D:5      | Reached skill level 11 in Air Magic
  6650 | D:5      | Found a blossoming altar of Fedhas.
  7414 | D:5      | Found a runed translucent door.
  7415 | D:5      | Identified the +2 war axe of the Gibberer {flame, *Rage
                  | rElec Str+9 Stlth+}
  7418 | D:5      | Found a runed translucent door.
  7531 | D:5      | Found a glowing silver altar of Zin.
  7531 | D:5      | Found an ornate altar of the Wu Jian Council.
  7586 | D:5      | Reached skill level 1 in Throwing
  7586 | D:5      | Reached XP level 9. HP: 47/50 MP: 10/16
  8030 | D:5      | Reached skill level 5 in Stealth
  8030 | D:5      | Reached skill level 5 in Spellcasting
  8227 | D:5      | Reached skill level 1 in Evocations
  8541 | D:5      | Found a glowing silver altar of Zin.
  8541 | D:5      | Found an ornate altar of the Wu Jian Council.
  8696 | D:5      | Found a blossoming altar of Fedhas.
  9313 | D:6      | Found a staircase to the Ecumenical Temple.
  9347 | Temple   | Entered the Ecumenical Temple
  9445 | Temple   | quinnr: !whichgod TeAE
  9445 | Temple   | beem: 44 recent wins for TeAE: 23x Vehumet, 9x Ashenzari,
                  | 5x Gozag, 3x Sif Muna, Zin, Hepliaklqana, Okawaru, Ru
  9451 | Temple   | Became a worshipper of Vehumet
  9550 | D:6      | Found a transporter.
  9850 | D:6      | Found a transporter.
  9861 | D:6      | Noticed sammy202020's ghost (novice TrFi)
  9929 | D:6      | Reached skill level 5 in Dodging
  9997 | D:6      | Found a hazy altar of Hepliaklqana.
 10673 | D:7      | Found Sibal's Overcharged Wands.
 10801 | D:7      | Reached * piety under Vehumet
 10801 | D:7      | Offered knowledge of Freeze by Vehumet.
 11013 | D:7      | Reached XP level 10. HP: 56/58 MP: 9/18
 11151 | D:7      | Reached skill level 12 in Air Magic
 11242 | D:7      | Reached skill level 5 in Fighting
 11244 | D:7      | Noticed Menkaure
 11730 | D:7      | Identified the +1 robe of Teatoodupp {Rampage rF++ Dex-3
                  | Stlth+}
 11772 | D:7      | Killed Menkaure
 12104 | D:8      | Reached skill level 13 in Air Magic
 12887 | D:8      | Noticed a cyclops
 12923 | D:8      | HP: 2/59 [something (8)]
 12923 | D:8      | Slain by an unseen horror

Illustrated notes

Levels and vault maps discovered:
D:1:      minmay_arrival_nine_rooms, layout_loops_ring
D:2:      minmay_diamond_boxcup, layout_rooms,
          hellmonk_ecumenical_altar_inner_sanctum, uniq_crazy_yiuf_cottage,
          uniq_robin
D:3:      layout_loops_cross, lemuel_zombie_altar_kikubaaqudgha,
          elyvilon_altar_4
D:4:      layout_basic, okawaru_altar_gauntlet_db, nicolae_overflow_squiral,
          kennysheep_nub, uniq_pikel, uniq_edmund
D:5:      lemuel_insect_pit, layout_loops_ring, fedhas_altar_1,
          gammafunk_temple_overflow_wave, minmay_holes
D:6:      layout_loops_ring, marbit_many_paths, temple_fountains,
          gammafunk_ghost_stat_death
D:7:      layout_cave_pools, st_stairs_3, minmay_misc_feat_more_columns,
          nicolae_shop_overcharged_wands, uniq_menkaure
D:8:      layout_cave_pools, minmay_chambers_of_fives
Temple:   dshaligram_water_room_temple

Skill      XL: |  1  2  3  4  5  6  7  8  9 10 |
---------------+-------------------------------+-----
Air Magic      | 5 6 7 8 9 10 11 13 | 13.4
Spellcasting   | 3 4 5 |  5.6
Conjurations   | 2 |  2.0
Poison Magic   | 1 2 |  2.0
Fighting       | 3 4 5 |  5.0
Dodging        | 4 5 6 |  6.0
Stealth        | 4 5 |  5.9
Throwing       | 1 2 |  2.0
Evocations     | 3 4 |  4.0

Action                   |  1- 3 |  4- 6 |  7- 9 | 10-12 || total
-------------------------+-------+-------+-------+-------++-------
Melee: Unarmed           |     9 |       |       |       ||     9
       Kick              |     2 |     2 |    12 |     9 ||    25
       Quarterstaff      |       |    13 |    28 |    18 ||    59
       Peck              |       |     5 |     7 |     3 ||    15
       Dagger            |       |       |       |     4 ||     4
       Punch             |       |       |       |     1 ||     1
Throw: Dart              |       |    14 |       |       ||    14
 Cast: Shock             |    73 |   127 |   201 |    71 ||   472
       Static Discharge  |       |     7 |    44 |    24 ||    75
       Mephitic Cloud    |       |     1 |     7 |     6 ||    14
       Airstrike         |       |       |     6 |    12 ||    18
Evoke: Wand              |       |       |       |     1 ||     1
  Use: Potion            |     1 |       |       |     1 ||     2
       Scroll            |       |     1 |     3 |       ||     4
 Stab: Confused          |       |     1 |     3 |     2 ||     6
Armor: Robe              |     4 |     6 |    31 |    16 ||    57
Dodge: Dodged            |    43 |    34 |    76 |    46 ||   199

Table legend: (Time is in decaauts)
 A = Elapsed time spent in this place.
 B = Non-inter-level travel time spent in this place.
 C = Inter-level travel time spent in this place.
 D = Time resting spent in this place.
 E = Time spent auto-exploring this place.
 F = Levels seen in this place.
 G = Mean time per level.
                   A        B        C        D        E       F      G
               +--------+--------+--------+--------+--------+-----+--------+
         Total |  12489 |  12079 |    410 |   3038 |   7083 |   9 | 1387.7 |
       Dungeon |  12378 |  11977 |    401 |   3038 |   7009 |   8 | 1547.2 |
        Temple |    111 |    102 |      9 |      0 |     74 |   1 |  111.0 |
               +--------+--------+--------+--------+--------+-----+--------+

Top non-repeatable levels by time:
     D:5: 2544 daAuts
     D:2: 2066 daAuts
     D:6: 1952 daAuts
     D:1: 1583 daAuts
     D:7: 1329 daAuts
     D:3: 1293 daAuts
     D:4: 1291 daAuts
     D:8: 316 daAuts
  Temple: 111 daAuts
